ORI
COASTAL CAROLINA UNIVERSITY CHANTICLEERS @ LOUISIANA STATE UNIVERSITY TIGERS
08/05/2048
 
TOP OF THE 1ST
Coastal Carolina University Chanticleers batting - Pitching for Louisiana State University Tigers : LHP Nate Dawn
Pitching: LHP Nate Dawn
Batting: RHB Rene Napoles 0-0: Ball
1-0: Called Strike
1-1: Swinging Strike
1-2: Strikes out looking
Batting: RHB Alex Montiel 0-0: Ball
1-0: Ball
2-0: Called Strike
2-1: Ball
3-1: Foul Ball, location: 2F
3-2: Fly out, F8 (Flyball, 8LM, EV 73.8 MPH)
Batting: LHB Orlando Hurtado 0-0: Called Strike
0-1: Ball
1-1: Ball
2-1: Swinging Strike
2-2: Foul Ball, location: 2F
2-2: Ball
3-2: Strikes out looking
Top of the 1st over - 0 runs, 0 hits, 0 errors, 0 left on base; Coastal Carolina University 0 - Louisiana State University 0
BOTTOM OF THE 1ST
Louisiana State University Tigers batting - Pitching for Coastal Carolina University Chanticleers : RHP Pedro Delgado
Pitching: RHP Pedro Delgado
Batting: LHB Elijah Mallandain 0-0: Ball
1-0: Called Strike
1-1: Called Strike
1-2: Ball
2-2: Ball
3-2: Ground out 4-3 (Groundball, 4S, EV 86.2 MPH)
Batting: RHB Winston Vasquez 0-0: Called Strike
0-1: Ball
1-1: Foul Ball, location: 2F
1-2: Foul Ball, location: 2F
1-2: Ground out 6-3 (Groundball, 6, EV 83.1 MPH)
Batting: RHB Stewart Walker 0-0: Fly out, F4 (Popup, 4MD, EV 51.9 MPH)
Bottom of the 1st over - 0 runs, 0 hits, 0 errors, 0 left on base; Coastal Carolina University 0 - Louisiana State University 0
TOP OF THE 2ND
Coastal Carolina University Chanticleers batting - Pitching for Louisiana State University Tigers : LHP Nate Dawn
Batting: RHB Isaac Washington 0-0: Ball
1-0: Called Strike
1-1: Swinging Strike
1-2: Ball
2-2: Ball
3-2: SINGLE (Flyball, 89M, EV 93.1 MPH)
Batting: RHB Oscar Hernandez 0-0: Ball
1-0: Ball
2-0: Ball
3-0: Called Strike
3-1: Base on Balls
Isaac Washington to second
Batting: RHB Chris Marcellus 0-0: Called Strike
0-1: Ball
1-1: Ground out 6-3 (Groundball, 6S, EV 65.6 MPH)
Isaac Washington to third
Oscar Hernandez to second
Batting: SHB Iher Waithaka 0-0: Called Strike
0-1: Called Strike
0-2: Strikes out swinging
Batting: RHB Tristan Williams 0-0: Called Strike
0-1: Ball
1-1: Ball
2-1: Swinging Strike
2-2: Fly out, F8 (Flyball, 8RS, EV 89.4 MPH)
Top of the 2nd over - 0 runs, 1 hit, 0 errors, 2 left on base; Coastal Carolina University 0 - Louisiana State University 0
BOTTOM OF THE 2ND
Louisiana State University Tigers batting - Pitching for Coastal Carolina University Chanticleers : RHP Pedro Delgado
Batting: LHB Todd Saunders 0-0: Ball
1-0: Fly out, F8 (Flyball, 89D, EV 84.4 MPH)
Batting: RHB Peter Turcotte 0-0: Foul Ball, location: 2F
0-1: Ground out 5-3 (Groundball, 56S, EV 85.6 MPH)
Batting: LHB Oscar Rivera 0-0: Ball
1-0: Called Strike
1-1: Ball
2-1: Swinging Strike
2-2: Ball
3-2: Strikes out swinging
Bottom of the 2nd over - 0 runs, 0 hits, 0 errors, 0 left on base; Coastal Carolina University 0 - Louisiana State University 0
TOP OF THE 3RD
Coastal Carolina University Chanticleers batting - Pitching for Louisiana State University Tigers : LHP Nate Dawn
Batting: LHB Kevin Lech 0-0: Ground out 4-3 (Groundball, 4, EV 85.6 MPH)
Batting: RHB Rene Napoles 0-0: Called Strike
0-1: Ball
1-1: Fly out, F9 (Line Drive, 89D, EV 90.6 MPH)
Batting: RHB Alex Montiel 0-0: Foul Ball, location: 2F
0-1: Ball
1-1: DOUBLE (Line Drive, 89M, EV 101.9 MPH)
Batting: LHB Orlando Hurtado 0-0: Ball
1-0: Foul Ball, location: 2F
1-1: Swinging Strike
1-2: Strikes out swinging
Top of the 3rd over - 0 runs, 1 hit, 0 errors, 1 left on base; Coastal Carolina University 0 - Louisiana State University 0
BOTTOM OF THE 3RD
Louisiana State University Tigers batting - Pitching for Coastal Carolina University Chanticleers : RHP Pedro Delgado
Batting: RHB Keith Ashton 0-0: SINGLE (Line Drive, 9LM, EV 112.5 MPH)
Batting: LHB Matt Ellington 0-0: Ball
1-0: Swinging Strike
1-1: Fly out, F4 (Line Drive, 34, EV 70.6 MPH)
Batting: RHB Roku Miyahara 0-0: Reached on error, E6 (Groundball, 56, EV 94.4 MPH)
Keith Ashton to second
Batting: LHB Elijah Mallandain 0-0: Ball
1-0: Called Strike
1-1: Ball
2-1: SINGLE (Flyball, 89S, EV 94.4 MPH)
Keith Ashton to third
Roku Miyahara to second
Runner from 3rd tries for Home, SAFE, throw by RF to home
Batting: RHB Winston Vasquez 0-0: Foul Ball, location: 2F
0-1: Ball
1-1: Called Strike
Roku Miyahara steals 3rd base
Elijah Mallandain to second
1-2: Strikes out swinging
Batting: RHB Stewart Walker 0-0: Foul Ball, location: 2F
0-1: Swinging Strike
0-2: Ball
1-2: Ball
2-2: Strikes out swinging
Bottom of the 3rd over - 1 run, 2 hits, 1 error, 2 left on base; Coastal Carolina University 0 - Louisiana State University 1
TOP OF THE 4TH
Coastal Carolina University Chanticleers batting - Pitching for Louisiana State University Tigers : LHP Nate Dawn
Batting: RHB Isaac Washington 0-0: Called Strike
0-1: Ball
1-1: Ball
2-1: Ball
3-1: Fly out, F8 (Flyball, 89M, EV 96.9 MPH)
Batting: RHB Oscar Hernandez 0-0: Ball
1-0: Foul Ball, location: 2F
1-1: Foul Ball, location: 2F
1-2: Ball
2-2: Strikes out swinging
Batting: RHB Chris Marcellus 0-0: Ground out 6-3 (Groundball, 6M, EV 81.9 MPH)
Top of the 4th over - 0 runs, 0 hits, 0 errors, 0 left on base; Coastal Carolina University 0 - Louisiana State University 1
BOTTOM OF THE 4TH
Louisiana State University Tigers batting - Pitching for Coastal Carolina University Chanticleers : RHP Pedro Delgado
Batting: LHB Todd Saunders 0-0: Ball
1-0: Ball
2-0: Called Strike
2-1: Ball
3-1: Base on Balls
Batting: RHB Peter Turcotte 0-0: Foul Ball, location: 2F
0-1: Ball
1-1: Ball
2-1: Foul Ball, location: 2F
2-2: Ball
3-2: Foul Ball, location: 2F
3-2: Base on Balls
Todd Saunders to second
Batting: LHB Oscar Rivera 0-0: Ball
1-0: Ball
2-0: Ball
3-0: Base on Balls
Todd Saunders to third
Peter Turcotte to second
Batting: RHB Keith Ashton 0-0: Called Strike
0-1: DOUBLE (Line Drive, 8RD, EV 107.5 MPH)
Todd Saunders scores
Peter Turcotte scores
Oscar Rivera to third
Runner from 3rd tries for Home, SAFE, throw by CF to home
Batting: LHB Matt Ellington 0-0: Ball
1-0: Ball
2-0: Ball
3-0: Base on Balls
Batting: RHB Roku Miyahara 0-0: Ball
1-0: Swinging Strike
1-1: Swinging Strike
1-2: Strikes out swinging
Pinch Hitting: LHB Carsten Obenauer 0-0: Ball
1-0: Foul Ball, location: 2F
1-1: Called Strike
1-2: Fly out, F7 (Flyball, 7, EV 84.4 MPH)
Pitching: RHP Mitsuaki Fukunaga
Pinch Hitting: RHB Byung-hee Jee 0-0: Called Strike
0-1: Ball
1-1: Swinging Strike
1-2: Ground out 2-3 (Groundball, 2L, EV 73.1 MPH)
Bottom of the 4th over - 3 runs, 1 hit, 0 errors, 2 left on base; Coastal Carolina University 0 - Louisiana State University 4
TOP OF THE 5TH
Coastal Carolina University Chanticleers batting - Pitching for Louisiana State University Tigers : LHP Nate Dawn
Now at 1B: Marshall Miller
Now at 2B: Michael Maier
Now at 3B: Leo Roldan
Now at SS: David Dye
Now in LF: Brian Caruso
Now in CF: Oscar Rivera
Now in RF: Manny Grado
Batting: SHB Iher Waithaka 0-0: Called Strike
0-1: Ball
1-1: Foul Ball, location: 2F
1-2: Foul Ball, location: 2F
1-2: Foul Ball, location: 2F
1-2: Strikes out swinging
Batting: RHB Tristan Williams 0-0: Foul Ball, location: 2F
0-1: Called Strike
0-2: Foul Ball, location: 2F
0-2: Ball
1-2: Fly out, F7 (Line Drive, 78S, EV 86.2 MPH)
Batting: LHB Kevin Lech 0-0: Ball
1-0: Swinging Strike
1-1: Ball
2-1: Foul Ball, location: 2F
2-2: Strikes out swinging
Top of the 5th over - 0 runs, 0 hits, 0 errors, 0 left on base; Coastal Carolina University 0 - Louisiana State University 4
BOTTOM OF THE 5TH
Louisiana State University Tigers batting - Pitching for Coastal Carolina University Chanticleers : RHP Mitsuaki Fukunaga
Pitching: RHP Quentin Archdeacon
Now at 1B: Justin Klein
Now at 2B: Dennis Bennett
Now in LF: Chris McDaniel
Batting: RHB Leo Roldan 0-0: Ball
1-0: Swinging Strike
1-1: Ball
2-1: Ball
3-1: Fly out, F9 (Flyball, 9LS, EV 91.9 MPH)
Batting: LHB Todd Saunders 0-0: Fly out, F7 (Flyball, 7, EV 97.5 MPH)
Batting: LHB Manny Grado 0-0: Fly out, F8 (Flyball, 8RXD, EV 94.4 MPH)
Bottom of the 5th over - 0 runs, 0 hits, 0 errors, 0 left on base; Coastal Carolina University 0 - Louisiana State University 4
TOP OF THE 6TH
Coastal Carolina University Chanticleers batting - Pitching for Louisiana State University Tigers : LHP Nate Dawn
Pitching: RHP Rogelio Rivera
Batting: RHB Dennis Bennett 0-0: Ball
1-0: Foul Ball, location: 2F
1-1: Called Strike
1-2: SOLO HOME RUN (Flyball, 7D, EV 100.6 MPH), Distance : 403 ft
Batting: RHB Chris McDaniel 0-0: Called Strike
0-1: Ball
1-1: Foul Ball, location: 2F
1-2: Strikes out swinging
Batting: RHB Justin Klein 0-0: Called Strike
0-1: Foul Ball, location: 2F
0-2: Ball
1-2: Foul Ball, location: 2F
1-2: Foul Ball, location: 2F
1-2: Ball
2-2: SINGLE (Flyball, 56D, EV 93.1 MPH)
Pinch Hitting: RHB Tatsunori Ishigaki 0-0: Ball
1-0: Ball
2-0: Called Strike
2-1: Ball
Justin Klein steals 2nd base
3-1: Called Strike
3-2: Strikes out swinging
Batting: RHB Oscar Hernandez 0-0: Foul Ball, location: 2F
0-1: Reached on error, E5 (Groundball, 56S, EV 83.8 MPH)
Justin Klein to third
Pinch Hitting: LHB Justin Sanders 0-0: Called Strike
0-1: Ball
1-1: Foul Ball, location: 2F
1-2: Strikes out looking
Top of the 6th over - 1 run, 2 hits, 1 error, 2 left on base; Coastal Carolina University 1 - Louisiana State University 4
BOTTOM OF THE 6TH
Louisiana State University Tigers batting - Pitching for Coastal Carolina University Chanticleers : RHP Quentin Archdeacon
Now at SS: Tatsunori Ishigaki
Now in RF: Justin Sanders
Pinch Hitting: RHB Matt Grant 0-0: SINGLE (Groundball, 56D, EV 95.6 MPH)
Batting: SHB Brian Caruso 0-0: Ball
1-0: Swinging Strike
1-1: Foul Ball, location: 2F
1-2: Strikes out looking
Pinch Hitting: SHB Stone Fraser 0-0: Foul Ball, location: 2F
0-1: Foul Ball, location: 2F
0-2: Strikes out swinging
Batting: RHB David Dye 0-0: Fielders Choice at 2nd, 5-4 (Groundball, 56, EV 91.2 MPH)
Bottom of the 6th over - 0 runs, 1 hit, 0 errors, 1 left on base; Coastal Carolina University 1 - Louisiana State University 4
TOP OF THE 7TH
Coastal Carolina University Chanticleers batting - Pitching for Louisiana State University Tigers : RHP Rogelio Rivera
Pitching: RHP Michael Koppers
Now at C: Shane Howe
Now in CF: Matt Grant
Batting: SHB Iher Waithaka 0-0: Called Strike
0-1: Swinging Strike
0-2: Foul Ball, location: 2F
0-2: Ball
1-2: Ball
2-2: Foul Ball, location: 2F
2-2: Ball
3-2: Foul Ball, location: 2F
3-2: Strikes out swinging
Pinch Hitting: LHB Tim Kirby 0-0: Ground out 4-3 (Groundball, 4, EV 103.1 MPH)
Batting: RHB Mark Tart 0-0: Fly out, F7 (Line Drive, 7, EV 96.2 MPH)
Top of the 7th over - 0 runs, 0 hits, 0 errors, 0 left on base; Coastal Carolina University 1 - Louisiana State University 4
BOTTOM OF THE 7TH
Louisiana State University Tigers batting - Pitching for Coastal Carolina University Chanticleers : RHP Quentin Archdeacon
Pitching: RHP Matt Schnurer
Now at C: Gabe Bravo
Now at 3B: Tim Kirby
Batting: RHB Michael Maier 0-0: Ball
1-0: Ground out 5-3 (Groundball, 5, EV 83.8 MPH)
Batting: SHB Marshall Miller 0-0: Called Strike
0-1: Fly out, F9 (Flyball, 9, EV 98.8 MPH)
Batting: RHB Leo Roldan 0-0: Foul Ball, location: 2F
0-1: Ground out 6-3 (Groundball, 6, EV 78.8 MPH)
Bottom of the 7th over - 0 runs, 0 hits, 0 errors, 0 left on base; Coastal Carolina University 1 - Louisiana State University 4
TOP OF THE 8TH
Coastal Carolina University Chanticleers batting - Pitching for Louisiana State University Tigers : RHP Michael Koppers
Pitching: LHP Nathan Waters
Batting: RHB Dennis Bennett 0-0: SINGLE (Line Drive, 89M, EV 94.4 MPH)
Batting: RHB Chris McDaniel 0-0: Called Strike
0-1: Called Strike
0-2: Foul Ball, location: 2F
0-2: Ball
1-2: Grounds into double play, 5-4-3 (Groundball, 56S, EV 77.5 MPH)
Batting: RHB Justin Klein 0-0: Called Strike
0-1: Swinging Strike
0-2: Strikes out looking
Top of the 8th over - 0 runs, 1 hit, 0 errors, 0 left on base; Coastal Carolina University 1 - Louisiana State University 4
BOTTOM OF THE 8TH
Louisiana State University Tigers batting - Pitching for Coastal Carolina University Chanticleers : RHP Matt Schnurer
Batting: RHB D.J. Ganz 0-0: Ground out 6-3 (Groundball, P, EV 87.5 MPH)
Batting: LHB Manny Grado 0-0: Foul Ball, location: 2F
0-1: Fly out, F7 (Flyball, 7S, EV 89.4 MPH)
Batting: RHB Matt Grant 0-0: Ground out 1-3 (Groundball, 34S, EV 63.8 MPH)
Bottom of the 8th over - 0 runs, 0 hits, 0 errors, 0 left on base; Coastal Carolina University 1 - Louisiana State University 4
TOP OF THE 9TH
Coastal Carolina University Chanticleers batting - Pitching for Louisiana State University Tigers : LHP Nathan Waters
Pitching: LHP Dan Cunningham
Batting: RHB Tatsunori Ishigaki 0-0: Ball
1-0: DOUBLE (Flyball, 89D, EV 108.1 MPH)
Pinch Hitting: RHB Johnnie Cowan 0-0: Hit by Pitch
Pinch Hitting: RHB Mike Grogan 0-0: Called Strike
0-1: Ball
1-1: Ball
2-1: Grounds into DOUBLE play, U5-4-3 (Groundball, 5L, EV 81.2 MPH)
Batting: SHB Iher Waithaka 0-0: Ball
1-0: Fielders Choice at 2nd, 6-4 (Groundball, 6, EV 85.6 MPH)
Top of the 9th over - 0 runs, 1 hit, 0 errors, 1 left on base; Coastal Carolina University 1 - Louisiana State University 4
Tuesday, March 28th , 2023 - OOTP Baseball 23.10 Build 110